 Dungeon Crawl Stone Soup version 0.24-a0-309-g1095bca (webtiles) character file.

Game seed: 2208201086028567291

379 MisterFreud the Slasher (level 6, -4/42 HPs)
             Began as an Octopode Fighter on May 14, 2019.
             Was a Follower of Cheibriados.
             Slain by a hound (5 damage)
             ... on level 4 of the Dungeon.
             The game lasted 00:04:50 (2393 turns).

MisterFreud the Slasher (Octopode Fighter)          Turns: 2393, Time: 00:04:51

Health: -4/42      AC:  1    Str: 23    XL:     6   Next: 74%
Magic:  6/6        EV: 13    Int: 16    God:    Cheibriados [*.....]
Gold:   113        SH: 10    Dex: 18    Spells: 5/5 levels left

rFire    . . .     SeeInvis .   a - +0 long sword
rCold    . . .     Gourm    .   b - +0 shield
rNeg     . . .     Faith    .   (helmet restricted)
rPois    .         Spirit   .   (no amulet)
rElec    .         Reflect  .   v - +4 ring of dexterity
rCorr    .         Harm     .   (no ring)
MR       .....                  (no ring)
Stlth    +++.......             (no ring)
HPRegen  0.14/turn              (no ring)
MPRegen  0.10/turn              (no ring)
                                (no ring)
                                (no ring)

@: mighty, about to teleport, very slow
A: almost no armour, stealthy swim, amphibious, 8 rings, constrict 8, camouflage
1, gelatinous body 1
a: Bend Time, Renounce Religion


You were on level 4 of the Dungeon.
You worshipped Cheibriados.
Cheibriados was aware of your devotion.
You were not hungry.

You visited 1 branch of the dungeon, and saw 4 of its levels.

You collected 113 gold pieces.

Inventory:

Hand Weapons
 a - a +0 long sword (weapon)
Missiles
 g - 5 javelins (quivered)
 k - 23 bolts
 p - 29 stones
 y - 8 boomerangs
Armour
 b - a +0 shield (worn)
Jewellery
 e - an uncursed ring of fire
 v - a +4 ring of dexterity (left tentacle)
Scrolls
 f - a scroll of enchant armour {unknown}
 j - a scroll of fog {unknown}
 l - a scroll of magic mapping {unknown}
 n - a scroll of remove curse {unknown}
 o - a scroll of noise
 q - 2 scrolls of identify
 r - 2 scrolls of enchant weapon {unknown}
Potions
 h - a potion of berserk rage {unknown}
 m - a potion of heal wounds {unknown}
 s - a potion of lignification {unknown}
 t - 2 potions of magic
 u - a potion of mutation {unknown}
 w - a potion of experience {unknown}
 x - a potion of haste {unknown}
Comestibles
 d - 6 rations
 z - 8 chunks of flesh


   Skills:
 - Level 3.0 Fighting
 - Level 6.6 Long Blades
 + Level 3.6 Dodging
 - Level 3.0 Shields


You had 5 spell levels left.
You didn't know any spells.
Your spell library contained the following spells:

 Spells                   Type           Power        Failure   Level  Hunger
 Beastly Appendage        Tmut           #.....       75%         1    ##.....
 Sticks to Snakes         Tmut           #.......     87%         2    ###....
 Spider Form              Tmut/Pois      #.........   98%         3    ####...
 Ice Form                 Ice/Tmut       #.......     100%        4    #####..
 Blade Hands              Tmut           #.........   100%        5    ######.


Dungeon Overview and Level Annotations

Branches:
Dungeon (4/15)
 Temple: D:4-7

Altars:
Cheibriados
Elyvilon
Gozag
Ru
Vehumet
Xom
The Shining One


Innate Abilities, Weirdness & Mutations

You cannot wear most types of armour.
You are very stealthy in the water. (Stealth+)
You are amphibious.
You can wear up to eight rings at the same time.
You can use your tentacles to constrict eight enemies at once.
Your skin changes colour to match your surroundings (Stealth+).
Your rubbery body absorbs attacks. (AC +1, EV +1)


Message History

Cheibriados appreciates the change of pace.
You constrict the adder skeleton. The jackal closely misses you.
The gnoll hits you from afar with a +0 spear.
* * * LOW HITPOINT WARNING * * *
The adder skeleton barely misses you.
You riposte.
You slash the adder skeleton!
You destroy the adder skeleton!
Cheibriados appreciates the change of pace.
You aren't carrying any items that you can evoke.
Unknown command.
Unknown command.
As you read the scroll of teleportation, it crumbles to dust.
You feel strangely unstable. You block the giant cockroach's attack.
The jackal misses you.
You riposte.
You slice the jackal!!
You kill the jackal!
Cheibriados thoroughly appreciates the change of pace.
The gnoll hits you from afar with a +0 spear!
* * * LOW HITPOINT WARNING * * *
The hound bites you.
You die...

### ..#######
####........
##..s....# #...#@#
# #...gh# .#
#+#.hgg.##.#####
#.......h#.......
#.#..............
..................
..................
..................
##.#..............


You could see a hound, 3 gnolls, 2 jackals and a giant cockroach.

Vanquished Creatures
  Grinder (D:3)
  An orc priest (D:3)
  A gnoll (D:4)
  4 adders
  An ooze (D:2)
  An adder skeleton (D:4)
  2 worms
  A dart slug (D:2)
  2 leopard geckos (D:3)
  8 orcs (D:3)
  6 bats
  6 giant cockroaches
  8 goblins
  5 hobgoblins
  7 jackals
  A ball python (D:2)
  9 frilled lizards
  6 kobolds
  9 rats
79 creatures vanquished.

Notes
Turn   | Place    | Note
-------+----------+-------------------------------------------
     0 | D:1      | MisterFreud the Octopode Fighter began the quest for the
                  | Orb.
     0 | D:1      | Reached XP level 1. HP: 16/16 MP: 1/1
   103 | D:1      | Reached XP level 2. HP: 18/21 MP: 2/2
   177 | D:1      | Reached skill level 3 in Long Blades
   435 | D:1      | Reached XP level 3. HP: 22/26 MP: 3/3
   881 | D:2      | Found a shimmering altar of Xom.
   881 | D:2      | Found a snail-covered altar of Cheibriados.
   885 | D:2      | Became a worshipper of Cheibriados the Contemplative
   955 | D:2      | Reached skill level 4 in Long Blades
  1127 | D:2      | Reached XP level 4. HP: 31/31 MP: 4/4
  1260 | D:2      | Reached * piety under Cheibriados
  1528 | D:3      | Found a sacrificial altar of Ru.
  1595 | D:3      | Found a glowing golden altar of the Shining One.
  1595 | D:3      | Found a radiant altar of Vehumet.
  1595 | D:3      | Found a white marble altar of Elyvilon.
  1837 | D:3      | Noticed Grinder
  1851 | D:3      | Reached skill level 5 in Long Blades
  1852 | D:3      | Reached XP level 5. HP: 36/36 MP: 5/5
  1859 | D:3      | Killed Grinder
  1859 | D:3      | Reached skill level 6 in Long Blades
  1859 | D:3      | Reached XP level 6. HP: 17/42 MP: 6/6
  2202 | D:3      | Found an opulent altar of Gozag.
  2393 | D:4      | HP: 1/42 [gnoll/+0 spear (8)]
  2393 | D:4      | Slain by a hound

Levels and vault maps discovered:
D:1:      minmay_arrival_nine_rooms, layout_basic
D:2:      layout_loops_ring, gammafunk_temple_overflow_wave
D:3:      layout_basic, gammafunk_temple_overflow_forgotten,
          nicolae_gozag_seed_capital, old_standard_altar, uniq_grinder
D:4:      layout_loops_cross, minmay_temple_entry_tees,
          nicolae_ossuary_entry_catacombs

Skill      XL: |  1  2  3  4  5 |
---------------+----------------+-----
Long Blades    | 3 4 5 6 |  6.6
Fighting       | |  3.0
Dodging        | |  3.6
Shields        | |  3.0

Action                   |  1- 3 |  4- 6 || total
-------------------------+-------+-------++-------
Melee: Long sword        |    66 |    58 ||   124
       Constrict         |    26 |    25 ||    51
       Tentacles         |    16 |    22 ||    38
  Use: Scroll            |       |     5 ||     5
       Potion            |       |     1 ||     1
 Stab: Sleeping          |     2 |     4 ||     6
  Eat: Chunk             |     1 |     2 ||     3
Armor: Skin              |    11 |     2 ||    13
Dodge: Dodged            |    29 |    37 ||    66
Block: Shield            |    28 |    31 ||    59
       Rpst.: Long sword |    13 |    17 ||    30

Table legend:
 A = Non-vault XP
 B = Vault XP
 C = Vault XP percentage of total XP
 D = Non-vault monster count
 E = Vault monster count
 F = Vault count percentage of total count
                 A         B        C        D         E       F
            +---------+---------+-------+---------+---------+-------
      Total |     252 |     290 |  53.5 |      78 |       1 |   1.3
            +---------+---------+-------+---------+---------+-------
        D:1 |      47 |       0 |   0.0 |      29 |       0 |   0.0
        D:2 |      79 |       0 |   0.0 |      22 |       0 |   0.0
        D:3 |     104 |     290 |  73.6 |      24 |       1 |   4.0
        D:4 |      22 |       0 |   0.0 |       3 |       0 |   0.0
            +---------+---------+-------+---------+---------+-------
